 Dungeon Crawl Stone Soup version 0.19.5 (webtiles) character file.

113 doot the Covered (level 4, 0/40 HPs)
             Began as a Minotaur Fighter on June 11, 2017.
             Hit by a tomahawk thrown by an orc (5 damage)
             ... on level 4 of the Dungeon.
             The game lasted 00:03:17 (1695 turns).

doot the Covered (Minotaur Fighter)                 Turns: 1695, Time: 00:03:18

Health: 0/40       AC:  7    Str: 25    XL:     4   Next: 65%
Magic:  3/3        EV:  8    Int:  5    God:
Gold:   237        SH: 10    Dex: 11    Spells: 0 memorised, 3 levels left

rFire  . . .     SeeInvis .     a - +0 war axe
rCold  . . .     Gourm    .     b - +0 scale mail
rNeg   . . .     Faith    .     c - +0 shield
rPois  .         Spirit   .     (helmet restricted)
rElec  .         Reflect  .     (no cloak)
rCorr  .         Harm     .     (no gloves)
MR     .....                    (no boots)
Stlth  ..........               (no amulet)
                                (no ring)
                                (no ring)

@: mighty, lethally poisoned (0 -> -2)
A: retaliatory headbutt, horns 2
a: no special abilities


You were on level 4 of the Dungeon.
You were hungry.

You visited 1 branch of the dungeon, and saw 3 of its levels.

You collected 237 gold pieces.

Inventory:

Hand Weapons
 a - a +0 war axe (weapon)
Armour
 b - a +0 scale mail (worn)
 c - a +0 shield (worn)
Scrolls
 e - a scroll of immolation {unknown}
 h - 2 scrolls of teleportation {unknown}
 i - a scroll of fear {unknown}
 k - a scroll of amnesia {unknown}
 m - a scroll of enchant armour {unknown}
 o - 3 scrolls of identify {unknown}
Potions
 n - a potion of curing {unknown}
Comestibles
 f - 2 bread rations
 g - a fruit
 j - 2 meat rations
 l - a chunk of flesh


   Skills:
 + Level 4.2 Fighting
 + Level 4.2 Axes
 + Level 4.3 Armour
 + Level 0.4 Dodging
 + Level 4.3 Shields


You had 3 spell levels left.
You didn't know any spells.

Dungeon Overview and Level Annotations

Branches:
Dungeon (2/15)             Temple (0/1) D:4

Altars:


Innate Abilities, Weirdness & Mutations

You reflexively headbutt those who attack you in melee.
You have a pair of horns on your head.


Message History

You headbutt the adder, but do no damage.
You hit the adder.
The adder is heavily wounded.
The adder bites you.
* * * LOW HITPOINT WARNING * * *
The orc wizard gestures wildly while chanting.
The orc wizard blinks!
The adder bites you.
* * * LOW HITPOINT WARNING * * *
You are poisoned.
The adder poisons you!
You feel very mighty all of a sudden.
You feel sick. The adder bites you.
* * * LOW HITPOINT WARNING * * *
You slice the adder!!
You kill the adder!
The orc throws a tomahawk.
You block the tomahawk.
The orc throws a tomahawk.
The tomahawk hits you.
* * * LOW HITPOINT WARNING * * *
The orc throws a tomahawk.
The tomahawk hits you.
You die...

# #.##....#..# #.
#..........#
#.###..........#
...............##
#....###†.......#
####.#
#.<..#.#.### #.#
#........... #.#
##.#.#.#o###
####.#
#.#.....@(# ###
.....#
#.#######)# ...
#....# #.# #o#
##.# ##.#.# #.#
#o# ...# ##.#.#
#.# #.##?#.###
##.#.# #.#
#...[⌠...#
.#..<####.#
#...o....#
.........
#..⌠.>.⌠.#
....####
#.$..o...#


You could see an orc wizard and 2 orcs.

Vanquished Creatures
  An orc wizard (D:4)
  A worker ant (D:4)
  3 adders
  2 dart slugs (D:1)
  2 leopard geckos
  An orc (D:4)
  2 bats
  8 goblins
  A hobgoblin (D:1)
  2 quokkas (D:4)
  2 frilled lizards (D:1)
  3 kobolds
  5 rats
33 creatures vanquished.

Notes
Turn   | Place    | Note
-------+----------+-------------------------------------------
     0 | D:1      | doot the Minotaur Fighter began the quest for the Orb.
     0 | D:1      | Reached XP level 1. HP: 19/19 MP: 0/0
   269 | D:1      | Reached XP level 2. HP: 27/27 MP: 1/1
   958 | D:2      | Reached XP level 3. HP: 33/33 MP: 2/2
  1161 | D:2      | Found a faded altar of an unknown god.
  1378 | D:2      | You fall through a shaft for 2 floors!
  1420 | D:4      | Reached XP level 4. HP: 34/40 MP: 3/3
  1657 | D:4      | Found a staircase to the Ecumenical Temple.
  1695 | D:4      | Hit by a tomahawk thrown by an orc

Skill      XL: |  1  2  3  4 |
---------------+-------------+-----
Shields        | 4 |  4.3
Armour         | 4 |  4.3
Fighting       | 4 |  4.2
Axes           | 3 4 |  4.2
Dodging        | |  0.4

Action                   |  1- 3 |  4- 6 || total
-------------------------+-------+-------++-------
Melee: War axe           |    55 |    23 ||    78
       Headbutt          |     4 |     5 ||     9
  Use: Potion            |       |     1 ||     1
  Eat: Chunk             |     2 |       ||     2
Armor: Scale mail        |    32 |     9 ||    41
Dodge: Dodged            |    24 |     4 ||    28
Block: Shield            |    32 |    10 ||    42
